 Dungeon Crawl Stone Soup version 0.27.1-4-g1640c2035a (webtiles) character file.

Game seed: 2867786182536536910

148 TheGamechu the Shield-Bearer (level 5, 0/47 HPs)
             Began as a Minotaur Fighter on Nov 3, 2021.
             Slain by Blork the orc (4 damage)
             ... on level 3 of the Dungeon.
             The game lasted 00:04:45 (2961 turns).

TheGamechu the Shield-Bearer (Minotaur Fighter)     Turns: 2961, Time: 00:04:46

Health: 0/47       AC:  9    Str: 20    XL:     5   Next: 8%
Magic:  5/5        EV:  5    Int:  5    God:
Gold:   117        SH:  9    Dex: 11    Spells: 6/6 levels left

rFire    . . .     SeeInvis +   a - +0 war axe
rCold    . . .     Faith    .   c - +0 kite shield
rNeg     . . .     Spirit   .   i - +0 chain mail
rPois    .         Reflect  .   (helmet restricted)
rElec    .         Harm     .   (no cloak)
rCorr    .         Rampage  .   (no gloves)
Will     .....                  (no boots)
Stlth    ..........             (no amulet)
HPRegen  0.15/turn              g - ring of see invisible
MPRegen  0.09/turn              (no ring)

@: mighty
A: horns 2, retaliatory headbutt
a: no special abilities


You were on level 3 of the Dungeon.
You visited 1 branch of the dungeon, and saw 4 of its levels.

You collected 117 gold pieces.

Inventory:

Hand Weapons
 a - a +0 war axe (weapon)
Missiles
 b - 2 boomerangs (quivered)
 e - 4 poisoned darts
 k - 91 stones
Armour
 c - a +0 kite shield (worn)
 i - a +0 chain mail (worn)
Jewellery
 g - a ring of see invisible (left hand)
Scrolls
 m - a scroll of identify
Potions
 d - a potion of might
 h - a potion of cancellation
 l - a potion of lignification
 n - a potion of attraction {unknown}


   Skills:
 + Level 4.5 Fighting
 + Level 3.5 Axes
 + Level 4.5 Armour
 + Level 4.5 Shields
 + Level 1.1 Spellcasting


You had 6 spell levels left.
You didn't know any spells.
Your spell library contained the following spells:

 Spells                   Type           Power      Damage    Failure   Level
 Corona                   Hex            0%         N/A       100%        1
 Ensorcelled Hibernation  Hex/Ice        0%         N/A       100%        2
 Tukima's Dance           Hex            0%         N/A       100%        3


Dungeon Overview and Level Annotations

Branches:
Dungeon (4/15)
 Temple: D:4-7

Altars:
Xom

Annotations:
D:3 Blork the orc
D:4 Sigmund


Innate Abilities, Weirdness & Mutations

You have a pair of horns on your head.
You reflexively headbutt those who attack you in melee.


Message History

You throw a silver javelin.
The silver javelin pierces through Blork the orc!
Blork the orc is moderately wounded.
The silver javelin barely misses Sigmund.
Blork the orc hits you with a +0 war axe.
You throw a silver javelin.
The silver javelin barely misses Blork the orc.
The silver javelin pierces through Sigmund but does no damage.
Sigmund is lightly wounded.
Blork the orc barely misses you. Sigmund hits you but does no damage.
You block Blork the orc's attack.
Sigmund hits you from afar with a +0 scythe!
Blork the orc screams, "I'll make a cloak from your skin!"
Blork the orc hits you with a +0 war axe.
You aren't carrying any items that you can evoke.
Okay, then.
Sorry, you're not good enough to have a special ability.
Okay, then.
Blork the orc gestures at you while chanting.
The puff of frost hits you but does no damage.
You block Sigmund's attack. Blork the orc barely misses you.
Blork the orc gestures at you while chanting.
The puff of frost hits you!
* * * LOW HITPOINT WARNING * * *
There is a stone staircase leading up here.
You block Blork the orc's attack.
You climb upwards.
There is a stone staircase leading down here.
You feel better. You block Blork the orc's attack.
Blork the orc hits you with a +0 war axe!
* * * LOW HITPOINT WARNING * * *
You feel very mighty all of a sudden.
Blork the orc screams, "I'm going to kill you!"
Blork the orc hits you with a +0 war axe.
* * * LOW HITPOINT WARNING * * *
You closely miss Blork the orc.
Blork the orc is moderately wounded.
Blork the orc hits you with a +0 war axe.
You die...

......#####..#####.# #.###
####.## #..# #.# ####.... #.#
#..# #.# #......# #.# #..### #.#
#.####.# #.# #....# #.# #.# #.#
#.# #.##.###.#######.# #.# #.#
#.##.#...........# #.#
#.######.##.#o#.############.#
####............@#.########......
.....######.##..................#
####.# #........###.###..###.#
#.# #)##.#.#####.###..# #.# #.#
#.##...........#..# #.# #.#
#.####.#..........###.# #.# #.#
#.#.###.#.#....... ####.# #.#
#.#.# #.#......... ..##.# #.#
#.#.# #.########.#


You could see Blork the orc (fast).

Vanquished Creatures
  Terence (D:2)
  A gnoll (D:1)
  4 adders (D:2)
  2 worms (D:2)
  4 dart slugs
  An orc (D:2)
  9 endoplasms
  2 giant cockroaches
  5 goblins
  A hobgoblin (D:1)
  7 jackals
  5 kobolds
  3 quokkas
  2 ball pythons
  4 bats
  4 frilled lizards
  6 rats
61 creatures vanquished.

Vanquished Creatures (others)
  11 fungi (D:4)
  2 plants (D:1)
13 creatures vanquished.

Grand Total: 74 creatures vanquished

Notes
Turn   | Place    | Note
-------+----------+-------------------------------------------
     0 | D:1      | TheGamechu the Minotaur Fighter began the quest for the
                  | Orb.
     0 | D:1      | Reached XP level 1. HP: 19/19 MP: 0/0
   119 | D:1      | Reached XP level 2. HP: 23/27 MP: 1/1
   540 | D:1      | Reached XP level 3. HP: 28/33 MP: 2/2
  1493 | D:2      | Reached XP level 4. HP: 40/40 MP: 4/4
  1857 | D:2      | Reached skill level 1 in Spellcasting
  1980 | D:2      | Noticed Terence
  1986 | D:2      | Killed Terence
  2154 | D:3      | Reached XP level 5. HP: 46/47 MP: 5/5
  2231 | D:3      | Found a shimmering altar of Xom.
  2234 | D:3      | Found a shimmering altar of Xom.
  2237 | D:3      | Found a shimmering altar of Xom.
  2239 | D:3      | Found a shimmering altar of Xom.
  2239 | D:3      | Found a shimmering altar of Xom.
  2943 | D:4      | Noticed Sigmund
  2943 | D:4      | Noticed Blork the orc
  2961 | D:3      | Slain by Blork the orc

Illustrated notes

Levels and vault maps discovered:
D:1:      lightli_arrival_statue_moat, layout_loops_corners, serial_bayou_pond_b
D:2:      layout_basic, uniq_terence
D:3:      layout_loops_ring, xom_redecorated
D:4:      minmay_bubble_buster, layout_basic, eat_drink_and_be_merry_uskayaw,
          ebering_ghost_gozag, serial_aquarium, aquarium_bridge_long_separate
          [aquarium_subvault_bridge, aquarium_subvault_bridge,
          aquarium_subvault_wall, aquarium_subvault_bridge,
          aquarium_subvault_window, aquarium_subvault_window],
          aquarium_window_corridor_3, aquarium_window_2, aquarium_window_1,
          aquarium_window_corner, aquarium_view_2c, aquarium_view_2c,
          serial_shops, shop, minmay_stone_trees_medium, uniq_menkaure,
          uniq_sigmund, uniq_blork_the_orc

Skill      XL: |  1  2  3  4 |
---------------+-------------+-----
Fighting       | 4 |  4.5
Armour         | 4 |  4.5
Shields        | 4 |  4.5
Axes           | 3 |  3.5
Spellcasting   | 1 |  1.1

Action                   |  1- 3 |  4- 6 || total
-------------------------+-------+-------++-------
Melee: War axe           |    65 |    63 ||   128
       Headbutt          |     6 |     7 ||    13
Throw: Boomerang         |       |     2 ||     2
       Javelin           |       |     3 ||     3
  Use: Scroll            |     3 |     2 ||     5
       Potion            |       |     2 ||     2
Armor: Scale mail        |    21 |       ||    21
       Chain mail        |     9 |    28 ||    37
Dodge: Dodged            |    16 |    17 ||    33
Block: Kite shield       |    43 |    40 ||    83
